cohdb
Replays
Latest Replays
All Replays
Popular Replays
Top Player Replays
Match Explorer
How It Works
Community
CoH3 Stats
Reddit
Sign in to upload your games and track your stats! →
Sign in with Steam
Match 41308767
Unlisted
Match 41308767
Overview
Messages
Build Orders
End
Construct Barracks
Riflemen Squad
Selects Heavy Weapons
Selects Heavy Weapons
Riflemen Squad
Grenade Package
Riflemen Squad
Engineer Squad
Mechanized Support Center
.30 cal Machine Gun
Construct Motor Pool
Selects Assault Carriers
Selects Exchangeable Parts
Construct Medical Station
【POW】游骑
我真的不是驴
THE one-冰封夕阳
The 2D Waifu Trafficker
DeCePe
KypSer
Cappie
Sev | Stryker
0
0
Comments
sign in to comment!
No comments posted yet!